Match 24073961
Unlisted

Match 24073961
End
Panzergrenadier Squad
Panzergrenadier Squad
Selects Italian Infantry
Panzergrenadier Squad
Construct Light Support Kompanie
MG34 Team
2.5-tonne Medical Truck
Construct Mechanized Kompanie
8 Rad Armored Car
Selects Guastatori Squad
Selects Registered Artillery
Registered Artillery
Marder III Tank Destroyer
Marder III Tank Destroyer
Guastatori Squad
Selects Towed Cannone da 105/28 Field Howitzer
Guastatori Squad
Selects Defensive Operations
Registered Artillery
Construct Panzerarmee Kommand
Registered Artillery
Towed Cannone da 105/28 Field Howitzer
Veteran Squad Leaders
Armored Reserves
Registered Artillery
IncognitoBurrito
austinZeroThree
gb_gbg
SneaKerz
0
0

Comments sign in to comment!

No comments posted yet!